[Event "fics rated crazyhouse match"]
[Site "fics, Oklahoma City, OK USA"]
[Date "2000.12.24"]
[White "Pendor"]
[WhiteElo "2338"]
[Black "pminear"]
[BlackElo "2560"]
[TimeControl "60+0"]
[Result "0-1"]

1. e4 e5 2. Nc3 Nc6 3. Nf3 Bc5 4. Bb5 Nf6 5. O-O d6 6. d3 
Bd7 7. Bxc6 bxc6 8. Ng5 B@h5 9. Qe1 h6 10. Nh3 Bxh3 11. gxh3 N@f3+ 
12. Kh1 Nxe1 13. Rxe1 Bf3+ 14. B@g2 Bxg2+ 15. Kxg2 B@h5 16. B@b3 Q@f3+ 17. Kg1 
Qxf2+ 18. Kh1 P@g2# 
{Pendor checkmated} 0-1

[Event "fics rated crazyhouse match"]
[Site "fics, Oklahoma City, OK USA"]
[Date "2000.12.24"]
[White "pminear"]
[WhiteElo "2564"]
[Black "Pendor"]
[BlackElo "2332"]
[TimeControl "60+0"]
[Result "1-0"]

1. e4 e5 2. Nf3 Nc6 3. Bc4 Bc5 4. O-O Nf6 5. Nc3 O-O 6. d3 
d6 7. Bg5 Bg4 8. Nd5 Nxd5 9. Bxd8 Nf4 10. Bxf7+ Rxf7 11. Q@e8+ B@f8 
12. Qxf7+ Kxf7 13. Ng5+ Ke8 14. P@f7+ Kxd8 15. R@e8+ Kd7 16. Qxg4# 
{Pendor resigns} 1-0

[Event "fics rated crazyhouse match"]
[Site "fics, Oklahoma City, OK USA"]
[Date "2000.12.24"]
[White "Pendor"]
[WhiteElo "2326"]
[Black "pminear"]
[BlackElo "2567"]
[TimeControl "60+0"]
[Result "0-1"]

1. e4 e5 2. Nf3 Nc6 3. Bc4 Bc5 4. O-O Nf6 5. Nc3 d6 6. d3 
O-O 7. Bg5 Bg4 8. Nd5 Nxd5 9. Bxd8 Bxf3 10. Qxf3 Nf4 11. Bg5 N@d4 
12. Qg4 N@e6 13. Bxf4 Kh8 14. Bxe6 Nxe6 15. Bg3 B@g6 16. B@f5 h5 17. Qh3 
Bxf5 18. Qxh5+ B@h7 19. exf5 Nf4 20. Qg4 Rg8 21. Qh4 Ne2+ 22. Kh1 Nxg3+ 
23. hxg3 B@h6 24. Q@h2 Bxf5 25. Qxh6+ gxh6 26. Qxh6+ P@h7 27. B@f6+ Q@g7 28. Bxg7+ 
Rxg7 
{Pendor forfeits on time} 0-1

[Event "fics rated crazyhouse match"]
[Site "fics, Oklahoma City, OK USA"]
[Date "2000.12.24"]
[White "pminear"]
[WhiteElo "2570"]
[Black "Pendor"]
[BlackElo "2321"]
[TimeControl "60+0"]
[Result "1-0"]

1. e4 e5 2. Nf3 Nc6 3. Bc4 Bc5 4. O-O Nf6 5. Nc3 d6 6. d3 
O-O 7. Bg5 Bg4 8. Nd5 Nxd5 9. Bxd8 Bxf3 10. Qxf3 Nf4 11. Bxf7+ Rxf7 
12. Q@e8+ N@f8 13. P@e6 Nxd8 14. exf7+ Nxf7 15. Qxf7+ Kxf7 16. N@g5+ Ke7 17. R@f7+ 
Ke8 18. Rxg7 N@e2+ 19. Kh1 B@h5 20. Qxh5+ Nxh5 21. B@f7+ Kd8 22. Bxh5 B@e7 
23. N@e6+ Nxe6 24. Nxe6+ Kd7 25. Nxc5+ dxc5 26. B@f5+ P@e6 27. Bxe6+ Kxe6 28. B@f5+ 
Kd6 29. Bxe2 
{Pendor forfeits on time} 1-0

[Event "fics rated crazyhouse match"]
[Site "fics, Oklahoma City, OK USA"]
[Date "2000.12.24"]
[White "Pendor"]
[WhiteElo "2316"]
[Black "JiggaB"]
[BlackElo "2257"]
[TimeControl "60+0"]
[Result "0-1"]

1. e4 e6 2. d4 Nc6 3. Nc3 Nf6 4. e5 Nd5 5. Nxd5 exd5 6. Nf3 
d6 7. Be2 Bd7 8. O-O dxe5 9. Nxe5 Nxe5 10. dxe5 P@h3 11. gxh3 Bxh3 
12. N@g5 Bxf1 13. Qxf1 R@g6 14. P@g3 N@e4 15. Nxe4 dxe4 16. B@f5 P@f3 17. P@d7+ 
Qxd7 18. Bxd7+ Kxd7 19. e6+ Rxe6 
{Pendor forfeits on time} 0-1

[Event "fics rated crazyhouse match"]
[Site "fics, Oklahoma City, OK USA"]
[Date "2000.12.24"]
[White "JiggaB"]
[WhiteElo "2266"]
[Black "Pendor"]
[BlackElo "2301"]
[TimeControl "60+0"]
[Result "0-1"]

1. e4 e5 2. Nc3 Nc6 3. Nf3 Bc5 4. Bc4 Nf6 5. d3 d6 6. Be3 
O-O 7. O-O Bg4 8. Bxc5 dxc5 9. B@h4 B@h5 10. Nd5 Bxf3 11. Nxf6+ Qxf6 
12. gxf3 Qxh4 13. B@g3 Qd8 14. N@f5 N@h3+ 15. Kh1 N@f4 16. Bxf4 Nxf4 17. Nxg7 
B@g2+ 18. Kg1 Bhxf3 19. h4 Bxd1 20. N@g3 Qxh4 21. P@h2 Nh3+ 22. Kxg2 B@f3# 
{JiggaB checkmated} 0-1

[Event "fics rated crazyhouse match"]
[Site "fics, Oklahoma City, OK USA"]
[Date "2000.12.24"]
[White "Pendor"]
[WhiteElo "2312"]
[Black "AngelicK"]
[BlackElo "2332"]
[TimeControl "60+0"]
[Result "0-1"]

1. e4 e6 2. d4 Nc6 3. Nc3 Nf6 4. e5 Nd5 5. Nxd5 exd5 6. Nf3 
d6 7. Be2 Be7 8. O-O N@f5 9. exd6 cxd6 10. N@h5 Rg8 11. Bd3 P@e4 
12. Bxe4 dxe4 13. d5 exf3 14. Qxf3 Ncd4 15. Qa3 B@e4 16. Re1 Bxg2 17. Kxg2 
P@f3+ 18. Kg1 Bd7 19. B@h3 N@e5 20. P@e6 fxe6 21. dxe6 Bxe6 22. Qa4+ P@c6 
23. Bxf5 Nxf5 24. P@h3 B@b5 25. P@f7+ Bxf7 26. Qf4 Bxh5 27. Qxf5 N@e2+ 28. Rxe2 
fxe2 29. P@d7+ Qxd7 30. Qf8+ Rxf8 31. N@f6+ gxf6 32. N@g7+ Kd8 33. Ne6+ Kc8 
34. N@b6+ axb6 35. Be3 Q@f1# 
{Pendor forfeits on time} 0-1

[Event "fics rated crazyhouse match"]
[Site "fics, Oklahoma City, OK USA"]
[Date "2000.12.24"]
[White "AngelicK"]
[WhiteElo "2340"]
[Black "Pendor"]
[BlackElo "2301"]
[TimeControl "60+0"]
[Result "1-0"]

1. e4 e5 2. Nc3 Nc6 3. Bc4 Bc5 4. Nf3 Nf6 5. O-O d6 6. d3 
O-O 7. Bg5 Bg4 8. h3 Bxf3 9. Qxf3 Nd4 10. Qd1 c6 11. B@h4 N@d7 
12. Bxf6 Nxf6 13. N@f5 Nxf5 14. exf5 N@d4 15. Ne4 Nxf5 16. Bxf6 gxf6 17. N@g4 
P@g7 18. Qf3 Nd4 19. Ngxf6+ Kh8 20. Qh5 B@g6 21. Qh4 
{Pendor forfeits on time} 1-0

[Event "fics rated crazyhouse match"]
[Site "fics, Oklahoma City, OK USA"]
[Date "2000.12.24"]
[White "Pendor"]
[WhiteElo "2291"]
[Black "AngelicK"]
[BlackElo "2347"]
[TimeControl "60+0"]
[Result "0-1"]

1. e4 e6 2. Nc3 Nc6 3. d4 Nf6 4. e5 Nd5 5. Nf3 d6 6. Bb5 
Bd7 7. O-O Be7 8. Bxc6 Bxc6 9. exd6 cxd6 10. Nxd5 Bxd5 11. N@h5 Rg8 
12. P@h6 gxh6 13. N@g7+ Kd7 14. Bxh6 B@g4 15. c4 Bdxf3 16. gxf3 Bxh5 17. d5 
N@h3+ 18. Kh1 P@g2+ 19. Kxg2 N@f4+ 20. Kg3 N@f5# 
{Pendor checkmated} 0-1

[Event "fics rated crazyhouse match"]
[Site "fics, Oklahoma City, OK USA"]
[Date "2000.12.24"]
[White "AngelicK"]
[WhiteElo "2354"]
[Black "Pendor"]
[BlackElo "2282"]
[TimeControl "60+0"]
[Result "1-0"]

1. e4 e5 2. Nc3 Nc6 3. Bc4 Bc5 4. Nf3 Nf6 5. O-O d6 6. h3 
O-O 7. d3 h6 8. Nd5 Nxd5 9. exd5 Na5 10. N@h5 Nxc4 11. dxc4 B@g6 
12. Nxg7 Kxg7 13. P@g5 N@g3 14. gxh6+ Kh7 15. P@g7 Nxf1 16. Qxf1 N@g3 17. gxf8=N+ 
Kg8 18. N@h1 Nxf1 19. Kxf1 Q@d1+ 20. R@e1 Bd3+ 21. cxd3 Qxd3+ 22. B@e2 Qf5 
23. N@g3 Bxf2 24. h7+ Qxh7 25. Nxf2 Bd7 26. N@f6# 
{Pendor forfeits on time} 1-0

[Event "fics rated crazyhouse match"]
[Site "fics, Oklahoma City, OK USA"]
[Date "2000.12.24"]
[White "pminear"]
[WhiteElo "2574"]
[Black "Fudpucker"]
[BlackElo "2174"]
[TimeControl "180+0"]
[Result "1-0"]

1. e4 e6 2. Nc3 Nf6 3. e5 Nd5 4. Nxd5 exd5 5. d4 Nc6 6. Nf3 
d6 7. Bb5 a6 8. Bxc6+ bxc6 9. Qe2 B@e4 10. N@g5 Be7 11. Nxe4 dxe4 
12. Qxe4 d5 13. Qe2 Bg4 14. P@f6 Bxf3 15. fxe7 Bxe2 16. exd8=Q+ Rxd8 17. Kxe2 
N@e6 18. B@g4 N@f4+ 19. Bxf4 Nxf4+ 20. Kd1 P@e2+ 21. Kc1 B@d2+ 22. Kb1 N@e6 
23. B@a3 Ng6 24. Bxe2 Nxd4 25. P@e7 Nxe7 26. Bxe7 Nxe2 27. N@f6+ gxf6 28. N@g7# 
{Fudpucker forfeits on time} 1-0

[Event "fics rated crazyhouse match"]
[Site "fics, Oklahoma City, OK USA"]
[Date "2000.12.24"]
[White "Fudpucker"]
[WhiteElo "2173"]
[Black "pminear"]
[BlackElo "2575"]
[TimeControl "180+0"]
[Result "0-1"]

1. e4 e5 2. Nf3 Nc6 3. Be2 Nf6 4. d3 d5 5. exd5 Nxd5 6. O-O 
P@h3 7. gxh3 Bxh3 8. Re1 Bd6 9. Ng5 Be6 10. Bg4 P@f5 11. Nxe6 fxe6 
12. B@g5 Qd7 13. Bh5+ g6 14. Bf3 N@f6 15. P@g2 O-O-O 16. Nc3 Rhf8 17. Rb1 
Nd4 18. Nxd5 Nxd5 19. Bxd5 exd5 20. N@f6 Rxf6 21. Bxf6 B@g4 22. P@e2 Rf8 
23. Bfg5 Kb8 24. c3 N@h3+ 25. gxh3 N@f3+ 26. exf3 Nxf3+ 27. Qxf3 Bxf3 28. N@g2 
Bxg2 29. Kxg2 P@f3+ 30. Kxf3 e4+ 31. Kg2 Q@f3+ 32. Kg1 Qxh3 33. R@g2 Bxh2+ 
34. Kf1 P@f3 35. B@h1 P@e2+ 36. Rxe2 fxg2# 
{Fudpucker forfeits on time} 0-1

[Event "fics rated crazyhouse match"]
[Site "fics, Oklahoma City, OK USA"]
[Date "2000.12.24"]
[White "Tecumseh"]
[WhiteElo "2364"]
[Black "Fudpucker"]
[BlackElo "2172"]
[TimeControl "180+0"]
[Result "1-0"]

1. e4 e6 2. d4 Nc6 3. Nc3 Nf6 4. Nf3 Bb4 5. Bd3 d5 6. e5 
Ne4 7. Bd2 Nxf2 8. Kxf2 Nxd4 9. Rf1 Nxf3 10. Qxf3 P@e4 11. Bxe4 dxe4 
12. Nxe4 Bxd2 13. Kg1 B@b6+ 14. Kh1 B@f5 15. N@f6+ Kf8 16. Nxd2 Qxd2 17. Rad1 
Qb4 18. Rd8+ Ke7 19. Rxh8 gxf6 20. B@f8+ Kd7 21. Bxb4 c6 22. Q@d6# 
{Fudpucker checkmated} 1-0

[Event "fics rated crazyhouse match"]
[Site "fics, Oklahoma City, OK USA"]
[Date "2000.12.24"]
[White "Fudpucker"]
[WhiteElo "2168"]
[Black "Tecumseh"]
[BlackElo "2368"]
[TimeControl "180+0"]
[Result "0-1"]

1. e4 Nc6 2. d4 Nf6 3. Nc3 d5 4. exd5 Nxd5 5. Nf3 Nxc3 6. bxc3 
N@e4 7. P@b2 e6 8. Bd3 P@f5 9. N@g5 Be7 10. Nxe4 fxe4 11. Bxe4 N@g5 
12. Bxg5 Bxg5 13. N@e5 Nxe5 14. Nxe5 B@d2+ 15. Kf1 Qf6 16. N@g4 N@e3+ 17. Nxe3 
Bdxe3 18. N@f3 N@d2+ 19. Qxd2 Bxd2 20. N@h5 Bc1 21. Nxf6+ gxf6 22. N@g7+ Ke7 
23. Nxg5 Q@d1# 
{Fudpucker resigns} 0-1

[Event "fics rated crazyhouse match"]
[Site "fics, Oklahoma City, OK USA"]
[Date "2000.12.24"]
[White "Tecumseh"]
[WhiteElo "2372"]
[Black "Fudpucker"]
[BlackElo "2164"]
[TimeControl "180+0"]
[Result "0-1"]

1. e4 e6 2. d4 Nc6 3. Nc3 Nf6 4. e5 Nd5 5. Nxd5 exd5 6. Nf3 
d6 7. Bb5 Bg4 8. Qe2 Be7 9. exd6 cxd6 10. P@h6 P@e4 11. hxg7 Rg8 
12. Bh6 Bxf3 13. gxf3 N@g2+ 14. Kd1 N@f4 15. Qd2 Bg5 16. Bxg5 Qxg5 17. N@c7+ 
Kd7 18. Nxa8 Rxa8 19. B@h3+ B@e6 20. Bxg2 Qxg2 21. N@f8+ Kc7 22. Qxf4 Qxh1+ 
23. R@f1 Qxf3+ 24. Qxf3 exf3 25. Nxe6+ fxe6 26. Q@f7+ N@d7 27. Qxf3 B@e4 28. Qc3 
Q@g4+ 29. B@e2 P@f3 30. Bbd3 fxe2+ 31. Bxe2 B@f3 32. N@b5+ Kd8 33. P@c7+ Ke7 
34. B@d3 N@a4 35. g8=N+ Rxg8 36. Nxd6 Nxc3+ 37. bxc3 P@b2 38. P@f6+ Nxf6 39. N@c8+ 
Kd7 
{Tecumseh forfeits on time} 0-1

[Event "fics rated crazyhouse match"]
[Site "fics, Oklahoma City, OK USA"]
[Date "2000.12.24"]
[White "Fudpucker"]
[WhiteElo "2176"]
[Black "Tecumseh"]
[BlackElo "2360"]
[TimeControl "180+0"]
[Result "0-1"]

1. e4 Nc6 2. d4 Nf6 3. Nc3 d5 4. exd5 Nxd5 5. Nf3 Nxc3 6. bxc3 
N@e4 7. P@b2 e6 8. Bd3 P@f5 9. N@g5 Nxg5 10. Nxg5 Be7 11. Nxf7 Kxf7 
12. O-O Qf8 13. Bb5 N@g6 14. P@h5 Ke8 15. hxg6 hxg6 16. N@e5 Bd7 17. Nxg6 
N@h4 18. Nxf8 Rxf8 19. Qh5+ P@g6 20. Qxh4 Bxh4 21. Bf4 Ne5 22. Bxd7+ Nxd7 
23. B@b5 B@c6 24. Bxc6 bxc6 25. Rae1 B@d5 26. N@e3 N@h3# 
{Fudpucker resigns} 0-1

[Event "fics rated crazyhouse match"]
[Site "fics, Oklahoma City, OK USA"]
[Date "2000.12.24"]
[White "Tecumseh"]
[WhiteElo "2364"]
[Black "Fudpucker"]
[BlackElo "2172"]
[TimeControl "180+0"]
[Result "1-0"]

1. e4 e6 2. d4 Nc6 3. Nc3 Nf6 4. Nf3 d6 5. Be2 Be7 6. O-O 
O-O 7. d5 Ne5 8. Nxe5 dxe5 9. dxe6 Bxe6 10. P@h6 P@d4 11. hxg7 Kxg7 
12. P@g5 P@g6 13. gxf6+ Bxf6 14. N@g4 Bxg4 15. Bxg4 P@f4 16. Nd5 h6 17. Nxf6 
Qxf6 18. N@d5 Qd6 19. B@f6+ Qxf6 20. Nxf6 Kxf6 21. Bxf4 exf4 22. Qxd4+ B@e5 
23. Qxe5+ Kxe5 24. B@c3+ Kd6 
{Fudpucker resigns} 1-0

[Event "fics rated crazyhouse match"]
[Site "fics, Oklahoma City, OK USA"]
[Date "2000.12.24"]
[White "Fudpucker"]
[WhiteElo "2168"]
[Black "Tecumseh"]
[BlackElo "2368"]
[TimeControl "180+0"]
[Result "1-0"]

1. e4 Nc6 2. Nc3 Nf6 3. Nf3 e6 4. e5 Nd5 5. Nxd5 exd5 6. Bb5 
d6 7. d4 Bg4 8. N@b4 Qd7 9. exd6 Bxd6 10. Nxd5 Qe6+ 11. Ne3 P@f4 
12. d5 Qe7 13. dxc6 bxc6 14. Bxc6+ P@d7 15. Bxa8 fxe3 16. Bxe3 O-O 17. Bd5 
N@f4 18. R@g3 Nxd5 19. Qxd5 Bxg3 20. hxg3 R@d6 21. Qg5 B@d2+ 22. Kf1 Qxg5 
23. Nxg5 Q@b5+ 24. B@d3 Qxg5 25. Bxg5 Bxg5 26. Rxh7 N@d2+ 27. Kg1 N@f3+ 28. Kh1 
f5 29. Q@h8+ Kf7 30. Qxg7+ Ke8 31. Qxf8+ Kxf8 32. Q@g7+ Ke8 33. Rh8+ B@f8 
34. Rxf8# 
{Tecumseh checkmated} 1-0

[Event "fics rated crazyhouse match"]
[Site "fics, Oklahoma City, OK USA"]
[Date "2000.12.25"]
[White "LinusO"]
[WhiteElo "2204"]
[Black "LINDEGREN"]
[BlackElo "2371"]
[TimeControl "60+0"]
[Result "1-0"]

1. e4 Nf6 2. Nc3 Nc6 3. Nf3 d5 4. exd5 Nxd5 5. Bb5 e6 6. d4 
Bd7 7. P@e4 Nxc3 8. bxc3 P@b4 9. Bd2 bxc3 10. Bxc3 P@b4 11. Bd2 N@c3 
12. Bxc3 bxc3 13. O-O B@g4 14. Bxc6 Bxc6 15. N@g5 B@f6 16. Nxf7 Kxf7 17. N@e5+ 
Ke8 18. P@f7+ Ke7 19. N@g8+ Rxg8 20. fxg8=N# 
{LINDEGREN resigns} 1-0

[Event "fics rated crazyhouse match"]
[Site "fics, Oklahoma City, OK USA"]
[Date "2000.12.25"]
[White "LINDEGREN"]
[WhiteElo "2360"]
[Black "LinusO"]
[BlackElo "2230"]
[TimeControl "60+0"]
[Result "0-1"]

1. e4 e6 2. Nc3 Nc6 3. d4 Nf6 4. e5 Nd5 5. Nxd5 exd5 6. Nf3 
d6 7. Bb5 Bd7 8. Qe2 Qe7 9. Bxc6 bxc6 10. N@h5 B@c4 11. Qe3 N@f5 
12. Qd2 dxe5 13. dxe5 f6 14. P@d3 fxe5 15. dxc4 e4 16. B@g5 exf3+ 17. Bxe7 
Bxe7 18. N@e5 P@e3 19. Q@f7+ Kd8 20. fxe3 N@e4 21. Nxf3 Nxd2 22. Bxd2 P@f2+ 
23. Kxf2 Nd6 24. Qxg7 Ne4+ 25. Ke2 Q@f2+ 26. Kd1 B@e2+ 27. Kc1 Bxf3 28. N@f7+ 
Kc8 29. P@e2 Qxe2 30. P@b7+ Kxb7 31. Qd4 Qxd2+ 32. Qxd2 Nxd2 33. P@a6+ Kxa6 
34. P@b5+ cxb5 35. cxb5+ Bxb5 36. a4 N@b3+ 37. cxb3 Nxb3+ 38. Kb1 P@c2+ 39. Ka2 
Nc1+ 40. Raxc1 P@b3# 
{LINDEGREN forfeits on time} 0-1

[Event "fics rated crazyhouse match"]
[Site "fics, Oklahoma City, OK USA"]
[Date "2000.12.25"]
[White "LinusO"]
[WhiteElo "2253"]
[Black "LINDEGREN"]
[BlackElo "2349"]
[TimeControl "60+0"]
[Result "0-1"]

1. e4 Nf6 2. Nc3 Nc6 3. Nf3 d5 4. exd5 Nxd5 5. d4 e6 6. Bd3 
Bb4 7. Bd2 P@a3 8. Rb1 axb2 9. Nxd5 Bxd2+ 10. Qxd2 exd5 11. P@h6 Qe7+ 
12. B@e5 B@c1 13. Rxc1 P@c3 14. Qf4 bxc1=Q+ 15. Qxc1 Nxe5 16. dxe5 N@h4 17. hxg7 
Nxf3+ 18. Kf1 N@d2+ 19. Qxd2 Nxd2+ 20. Ke1 R@c1+ 21. N@d1 Rxd1+ 22. Kxd1 N@b2+ 
23. Ke2 Bg4+ 24. P@f3 Nxd3 25. N@f6+ Kd8 26. gxh8=Q+ B@e8 27. Qxe8+ Qxe8 28. Nxe8 
Nf4+ 29. Kd1 Q@b1+ 30. N@c1 P@e2+ 31. Ke1 Qxc1+ 32. B@d1 Qxd1# 
{LinusO checkmated} 0-1

[Event "fics rated crazyhouse match"]
[Site "fics, Oklahoma City, OK USA"]
[Date "2000.12.25"]
[White "LINDEGREN"]
[WhiteElo "2355"]
[Black "LinusO"]
[BlackElo "2241"]
[TimeControl "60+0"]
[Result "0-1"]

1. e4 Nc6 2. Nc3 e6 3. Nf3 Nf6 4. d4 Bb4 5. Bd3 d5 6. exd5 
exd5 7. Qe2+ P@e4 8. P@g5 O-O 9. Bxe4 Nxe4 10. P@h6 Bxc3+ 11. bxc3 Nxc3 
12. Qd3 B@e4 13. Qxc3 P@b4 14. Qd2 Bxf3 15. hxg7 Qe7+ 16. P@e5 Nxe5 17. gxf8=Q+ 
Kxf8 18. B@f6 Nd3+ 19. Kf1 P@e2+ 20. Kg1 e1=Q+ 21. N@f1 Qxf1+ 22. Kxf1 P@e2+ 
23. Kg1 e1=Q+ 24. R@f1 Qxf1+ 25. Kxf1 R@e1# 
{LINDEGREN resigns} 0-1

[Event "fics rated crazyhouse match"]
[Site "fics, Oklahoma City, OK USA"]
[Date "2000.12.25"]
[White "LINDEGREN"]
[WhiteElo "2345"]
[Black "Lomboc"]
[BlackElo "2211"]
[TimeControl "60+0"]
[Result "0-1"]

1. e4 e6 2. Nc3 d5 3. d4 dxe4 4. Nxe4 Nc6 5. Nf3 Be7 6. Bb5 
Bd7 7. O-O Nf6 8. Neg5 O-O 9. P@e5 Nxe5 10. Bxd7 Nexd7 11. B@d3 B@c6 
12. c4 P@e4 13. Nxe4 Bxe4 14. Bxe4 Nxe4 15. B@d3 B@g6 16. P@h6 gxh6 17. Bxh6 
P@g7 18. Bxg7 Kxg7 19. Bxe4 Bxe4 20. N@h5+ Kg8 21. P@g7 Re8 22. Ne5 Nxe5 
23. dxe5 B@g5 24. Qxd8 N@e2+ 25. Kh1 Bxg2+ 26. Kxg2 N@h4+ 27. Kh3 B@g2+ 28. Kg4 
P@f5# 
{LINDEGREN checkmated} 0-1

[Event "fics rated crazyhouse match"]
[Site "fics, Oklahoma City, OK USA"]
[Date "2000.12.25"]
[White "Lomboc"]
[WhiteElo "2222"]
[Black "LINDEGREN"]
[BlackElo "2334"]
[TimeControl "60+0"]
[Result "1-0"]

1. e4 Nf6 2. Nc3 Nc6 3. d4 d5 4. exd5 Nxd5 5. Nf3 e6 6. Bb5 
Bb4 7. Bd2 Qe7 8. O-O Bxc3 9. bxc3 P@e4 10. Ne5 Bd7 11. Nxd7 Qxd7 
12. Bxc6 Qxc6 13. N@e5 B@d7 14. Nxc6 Bxc6 15. P@h6 Rg8 16. hxg7 O-O-O 17. c4 
N@c3 18. Bxc3 Nxc3 19. Qd2 Rxg7 20. Qxc3 N@e2+ 21. Kh1 Nxc3 22. N@e5 P@f3 
23. Q@a8# 
{LINDEGREN resigns} 1-0

[Event "fics rated crazyhouse match"]
[Site "fics, Oklahoma City, OK USA"]
[Date "2000.12.25"]
[White "LINDEGREN"]
[WhiteElo "2324"]
[Black "Lomboc"]
[BlackElo "2232"]
[TimeControl "60+0"]
[Result "1-0"]

1. e4 e6 2. Nc3 d5 3. d4 dxe4 4. Nxe4 Nc6 5. Nf3 Be7 6. Bb5 
Bd7 7. O-O a6 8. Bd3 Nf6 9. Neg5 O-O 10. P@e5 P@g6 11. exf6 Bxf6 
12. N@g4 h6 13. Nxf6+ Qxf6 14. B@h7+ Kh8 15. Nxf7+ Rxf7 16. Bhxg6 Rff8 17. P@g5 
hxg5 18. Bxg5 P@f7 19. Bxf6 fxg6 20. Q@h6+ P@h7 21. Qxg7# 
{Lomboc checkmated} 1-0

[Event "fics rated crazyhouse match"]
[Site "fics, Oklahoma City, OK USA"]
[Date "2000.12.25"]
[White "Lomboc"]
[WhiteElo "2226"]
[Black "LINDEGREN"]
[BlackElo "2330"]
[TimeControl "60+0"]
[Result "0-1"]

1. e4 Nf6 2. Nc3 Nc6 3. d4 d5 4. e5 Ne4 5. Nf3 e6 6. Bb5 
Bb4 7. Bd2 Bxc3 8. Bxc3 Bd7 9. Bxc6 Bxc6 10. O-O N@f4 11. B@g5 Nxg5 
12. Nxg5 Qxg5 13. N@f3 Qxg2# 
{Lomboc checkmated} 0-1

[Event "fics rated crazyhouse match"]
[Site "fics, Oklahoma City, OK USA"]
[Date "2000.12.25"]
[White "LINDEGREN"]
[WhiteElo "2336"]
[Black "Lomboc"]
[BlackElo "2220"]
[TimeControl "60+0"]
[Result "1-0"]

1. e4 e6 2. Nc3 Nf6 3. d4 d5 4. exd5 exd5 5. a3 Be7 6. Nf3 
h6 7. Ne5 O-O 8. P@g6 fxg6 9. Nxg6 P@f7 10. Nxf8 Bxf8 11. Bd3 P@e4 
12. Be2 N@h4 13. Rg1 Nc6 14. P@g5 hxg5 15. Bxg5 Nf5 16. P@e5 P@h6 17. Bxf6 
gxf6 18. exf6 e3 19. fxe3 Nxe3 20. R@g3+ P@g6 21. Rxe3 B@g5 22. P@e7 Nxe7 
23. fxe7 Bfxe7 24. P@f2 Bxe3 25. fxe3 P@g5 26. B@e5 P@f6 27. Bg3 R@e6 28. Qd2 
a6 29. N@g4 Rc6 30. Nxh6+ Kg7 31. Ng4 Bxg4 32. Bxg4 N@h6 33. B@f3 Rxc3 
34. bxc3 N@e4 35. Bxe4 dxe4 36. Be2 B@c6 37. P@f3 Nf5 38. N@g4 Nxg3 39. hxg3 
B@h6 40. Nxh6 Qh8 41. N@g4 f5 42. B@e5+ f6 43. Nxf6 Bxf6 44. Bxf6+ Kxf6 
45. B@e5+ Ke6 46. N@c5+ Ke7 47. R@f7# 
{Lomboc forfeits on time} 1-0

[Event "fics rated crazyhouse match"]
[Site "fics, Oklahoma City, OK USA"]
[Date "2000.12.25"]
[White "Lomboc"]
[WhiteElo "2215"]
[Black "LINDEGREN"]
[BlackElo "2341"]
[TimeControl "60+0"]
[Result "0-1"]

1. e4 Nf6 2. Nc3 Nc6 3. d4 d5 4. exd5 Nxd5 5. Nxd5 Qxd5 6. Nf3 
e6 7. Be2 Bb4+ 8. P@c3 Be7 9. O-O P@e4 10. Ne5 Nxe5 11. dxe5 Qxe5 
12. N@h5 Rg8 13. Bf4 Qa5 14. b4 Qb6 15. a3 P@d6 16. Be3 Qc6 17. N@d4 
Qd7 18. a4 N@d5 19. Bb5 c6 20. Bc4 Nxc3 21. Qe1 Nd5 22. Bxd5 cxd5 
23. f3 exf3 24. Nxf3 B@g4 25. P@e5 Bxh5 26. exd6 Bxd6 27. P@e5 Be7 28. N@d6+ 
Bxd6 29. exd6 Qxd6 30. Bc5 Qd7 31. B@g3 N@c4 32. Ne5 Nxe5 33. Qxe5 N@c4 
34. N@d6+ Nxd6 35. Qxd6 N@e2+ 36. Kh1 Nxg3+ 37. Qxg3 N@f5 38. N@c7+ Kd8 39. Qg5+ 
P@f6 40. Qxf6+ gxf6 41. P@e7+ Nxe7 42. Bxe7+ Qxe7 43. Nxe6+ fxe6 
{Lomboc forfeits on time} 0-1

[Event "fics rated crazyhouse match"]
[Site "fics, Oklahoma City, OK USA"]
[Date "2000.12.25"]
[White "LINDEGREN"]
[WhiteElo "2346"]
[Black "Lomboc"]
[BlackElo "2210"]
[TimeControl "60+0"]
[Result "1-0"]

1. e4 e6 2. Nc3 d5 3. exd5 exd5 4. d4 Nf6 5. Nf3 Kd7 6. Bb5+ 
c6 7. Ne5+ Ke8 8. Bd3 P@d6 9. Qe2 Be6 10. P@f5 dxe5 11. fxe6 fxe6 
12. Qxe5 Qe7 13. B@h3 P@f7 14. O-O Nbd7 15. Qe2 Nb6 16. Bg5 Qd7 17. Bxf6 
gxf6 18. P@e5 B@e7 19. N@g4 fxe5 20. Nxe5 Qc7 21. Nxf7 Kxf7 22. Qxe6+ Ke8 
23. P@d7+ Kd8 24. P@c5 N@f4 25. cxb6 Nxh3+ 26. Qxh3 Qxb6 27. N@e6+ Kxd7 28. Nxf8+ 
Ke8 29. Qd7+ Kxf8 30. N@e6+ Kf7 31. P@d6 N@h3+ 32. Kh1 B@f6 33. dxe7 Bxe7 
34. B@h4 P@g5 35. Bxg5 Nxg5 36. Nxg5+ Kf8 37. N@e6+ Kg8 38. P@f7# 
{Lomboc checkmated} 1-0

[Event "fics rated crazyhouse match"]
[Site "fics, Oklahoma City, OK USA"]
[Date "2000.12.25"]
[White "Lomboc"]
[WhiteElo "2205"]
[Black "LINDEGREN"]
[BlackElo "2351"]
[TimeControl "60+0"]
[Result "1-0"]

1. e4 Nf6 2. Nc3 Nc6 3. d4 d5 4. exd5 Nxd5 5. Nxd5 Qxd5 6. Nf3 
e6 7. N@e3 Bb4+ 8. P@c3 Qd8 9. cxb4 Nxb4 10. Bd2 Nd5 11. Nxd5 exd5 
12. B@h4 f6 13. N@h5 Qe7+ 14. Qe2 P@e4 15. Ne5 N@f5 16. Qb5+ P@d7 17. Qc5 
d6 18. Qb5+ Kf8 19. Ng4 Nxd4 20. Bxf6 gxf6 21. P@g7+ Qxg7 22. Nxg7 Nxb5 
23. Bxb5 Kxg7 24. Bh6+ Kf7 25. Q@g7+ Ke6 26. N@d4# 
{LINDEGREN checkmated} 1-0

[Event "fics rated crazyhouse match"]
[Site "fics, Oklahoma City, OK USA"]
[Date "2000.12.25"]
[White "LINDEGREN"]
[WhiteElo "2340"]
[Black "Lomboc"]
[BlackElo "2216"]
[TimeControl "60+0"]
[Result "1-0"]

1. e4 d6 2. Nc3 Nf6 3. d4 Nbd7 4. Nf3 e5 5. Bc4 Nb6 6. Bxf7+ 
Kxf7 7. dxe5 Bg4 8. exf6 Bxf3 9. N@g5+ Kxf6 10. Qxf3+ Ke7 11. Qf7# 
{Lomboc checkmated} 1-0

[Event "fics rated crazyhouse match"]
[Site "fics, Oklahoma City, OK USA"]
[Date "2000.12.25"]
[White "Lomboc"]
[WhiteElo "2211"]
[Black "LINDEGREN"]
[BlackElo "2345"]
[TimeControl "60+0"]
[Result "0-1"]

1. e4 Nf6 2. Nc3 Nc6 3. d4 d5 4. exd5 Nxd5 5. Nxd5 e6 6. Nc3 
Nxd4 7. Be3 P@e5 8. Nf3 Nxf3+ 9. gxf3 P@d4 10. Ne4 Bd7 11. Bg5 Be7 
12. Bxe7 Qxe7 13. P@d6 B@b4+ 14. B@d2 Bxd6 15. Nxd6+ Qxd6 16. N@e4 Qe7 17. B@b4 
P@d6 18. Bxd6 cxd6 19. N@c7+ Kf8 20. Nxa8 N@h4 21. Rg1 B@h5 22. P@g2 N@f4 
23. Bxf4 exf4 24. Qxd4 B@e5 25. Qxe5 dxe5 26. P@d6 Q@b4+ 27. B@c3 Qbxd6 28. Nxd6 
Qxd6 29. R@d1 P@d4 30. N@e4 Qe7 31. Bxd4 Bxf3 32. P@d6 Qe8 33. Nc7 Bxe4 
34. Q@e7+ Kg8 35. Qxe8+ Bxe8 36. Be2 Nxg2+ 37. Rxg2 Bxg2 38. N@e7+ Kf8 39. Ng6+ 
hxg6 
{Lomboc forfeits on time} 0-1

[Event "fics rated crazyhouse match"]
[Site "fics, Oklahoma City, OK USA"]
[Date "2000.12.25"]
[White "LINDEGREN"]
[WhiteElo "2350"]
[Black "Lomboc"]
[BlackElo "2206"]
[TimeControl "60+0"]
[Result "1-0"]

1. e4 d6 2. Nc3 Nf6 3. d4 Nc6 4. Bc4 e6 5. Nf3 Be7 6. d5 
Ne5 7. O-O Nxf3+ 8. Qxf3 exd5 9. Nxd5 Nxd5 10. Bxd5 N@e5 11. Bxf7+ Nxf7 
12. N@h5 B@f6 13. N@f5 Bxf5 14. exf5 Ne5 15. Qd1 O-O 16. B@e6+ P@f7 17. Bxf7+ 
Nxf7 18. P@g6 hxg6 19. fxg6 Ne5 20. P@h7+ Kh8 21. Bf4 Nxg6 22. P@g3 Kxh7 
23. P@f5 Nxf4 24. Nxf4 P@f7 25. Qh5+ B@h6 26. N@g6 P@g5 27. Nxf8+ Qxf8 28. Ng6 
fxg6 29. fxg6+ Kg8 30. P@f7+ Qxf7 31. gxf7# 
{Lomboc resigns} 1-0